Cogmind - Beta 15 @@@ ROGUE MODE // 2025.06.11 @ 19:32:37 Player: CheifClapdad Result: Destroyed by IK-XYW(R) with Subdweller Beam Cannon Performance ------------- Evolutions (0) 0 Regions Visited (2) 400 Robots Destroyed (3) 15 Value Destroyed (114) 114 Prototype IDs (0) 0 Alien Tech Used (0) 0 Bonus (0) 0 TOTAL SCORE: 529 Bonus ------- None Cogmind --------- Core Integrity 0/250 Matter 172/300 Energy 82/100 System Corruption 0% Temperature Cool (9) Movement Treading (160) Location -10/Subcaves Parts ------- > --- POWER (1) -------- (None) > --- PROPULSION (2) --- Light Treads Light Treads > --- UTILITY (2) ------ Small Storage Unit > --- WEAPON (2) ------- Medium Laser Assault Rifle > --- INVENTORY (8) ---- Ion Engine Small Matter Pod (0) Medium Laser Peak State ------------ > --- POWER ------------ Ion Engine > --- PROPULSION ------- Light Treads Wheel > --- UTILITY ---------- Small Storage Unit Seismic Detector > --- WEAPON ----------- Medium Laser Assault Rifle > --- INVENTORY -------- Ion Engine Light Treads Compact Wheel Small Matter Pod Medium Laser [Rating: 7] Favorites ----------- Power Ion Engine Engine Ion Engine Propulsion Wheel Treads Light Treads Wheel Wheel Utility Small Storage Unit Device Seismic Detector Storage Small Storage Unit Weapon Medium Laser Energy Gun Medium Laser Ballistic Gun Assault Rifle Build | -11 -10 -10 ------- Run | Yrd Mat Sub Slots Evolved . | . . . Power . | . . . Propulsion . | . . . Utility . | . . . Weapon . | . . . Parts Attached 9 | 6 1 2 Power 1 | 1 . . Engine 1 | 1 . . Core . | . . . Reactor . | . . . Propulsion 4 | 2 . 2 Treads 2 | 1 . 1 Leg . | . . . Wheel 2 | 1 . 1 Hover . | . . . Flight . | . . . Utility 2 | 1 1 . Device 1 | . 1 . Storage 1 | 1 . . Processor . | . . . Hackware . | . . . Protection . | . . . Artifact . | . . . Weapon 2 | 2 . . Energy Gun 1 | 1 . . Energy Cannon . | . . . Ballistic Gun 1 | 1 . . Ballistic Cannon . | . . . Launcher . | . . . Special Weapon . | . . . Impact Weapon . | . . . Slashing Weapon . | . . . Piercing Weapon . | . . . Special Melee Weapon . | . . . Unidentified Prototypes . | . . . Parts Lost 4 | . . 4 Power 1 | . . 1 Propulsion 2 | . . 2 Utility 1 | . . 1 Weapon . | . . . Highest Loss Streak 4 | . . 4 To Critical Strikes . | . . . Average Backups 4 | 3 4 4 Power . | . 1 1 Propulsion 1 | 1 2 1 Utility . | . . 1 Weapon . | . 1 1 Tool/Special . | . . . Unused Backups 3 | . . 3 Power 1 | . . 1 Propulsion . | . . . Utility 1 | . . 1 Weapon 1 | . . 1 Tool/Special . | . . . Average Slot Usage (%) 88 | . 86 92 Engine 12 | . 14 11 Treads 10 | . 13 6 Wheel 15 | . 14 19 Device 6 | . 2 13 Storage 14 | . 14 14 Energy Gun 14 | . 14 14 Ballistic Gun 13 | . 13 14 Peak Build Rating 7 | 6 7 7 Average Rating 5 | 5 6 6 On Entrance 4 | . 6 7 Naked Turns . | . . . Heaviest Build 15 | 14 15 15 Greatest Support 40 | 20 20 40 Greatest Overweight (x) 4 | 4 1 1 Average Overweight (x) . | . . . Largest Inventory Capacity 8 | 8 8 8 Average Capacity 7 | 7 8 8 Most Carried 5 | 4 5 5 Average Carried 4 | 3 4 4 Final Capacity 8 | 8 8 8 Final Carried 5 | 4 5 3 Class Distribution -------------------- 100% | Mutant Dominant Class ---------------- Mutant | -10/Materials Mutant | -10/Subcaves Resources | -11 -10 -10 ----------- Run | Yrd Mat Sub Matter Collected 258 | 227 31 . Remotely . | . . . Salvage Created 146 | . 31 115 Parts 10 | . 2 8 Haulers Intercepted . | . . . Recyclers Shooed . | . . . Parts Field Recycled . | . . . Retrieved Matter . | . . . Parts Self-Destructed . | . . . Prevented . | . . . Kills | -11 -10 -10 ------- Run | Yrd Mat Sub Combat Hostiles Destroyed 3 | . 1 2 Guns 3 | . 1 2 Classes Destroyed 2 | . 1 1 Grunt 1 | . 1 . Subdweller 2 | . . 2 Best Kill Streak 1 | . 1 1 Combat Bots Only 1 | . 1 1 Max Kills in Single Turn 1 | . 1 1 Gunslinging . | . . . Exploded . | . . . Melee . | . . . Uniques/NPCs Destroyed . | . . . Combat | -11 -10 -10 -------- Run | Yrd Mat Sub Hostile Shots Fired 42 | . 5 37 Missed 12 | . 2 10 Hits 30 | . 3 27 Projectile 30 | . 3 27 Critical Strikes 1 | . . 1 Damage Taken 695 | . 30 665 Core 270 | . 10 260 Absorbed by Shields . | . . . Core Remaining (%) 100 | 100 . . Volleys Fired 22 | . 4 18 Largest 2 | . 2 2 Hottest 70 | . 70 70 Shots Fired 44 | . 8 36 Gun 44 | . 8 36 Cannon . | . . . Launcher . | . . . Special . | . . . Kinetic 22 | . 4 18 Thermal 22 | . 4 18 Explosive . | . . . Electromagnetic . | . . . Robot Hit Streak 14 | . 2 14 Robot Miss Streak 2 | . 2 1 Penetration Max . | . . . Secondary Targets 1 | . . 1 Max Gunslinging Chain 1 | . . 1 Shots Hit Robots 37 | . 4 33 Core Hits 7 | . 2 5 Critical Kills . | . . . Critical Parts Destroyed . | . . . Critical Strikes 3 | . . 3 Burn 2 | . . 2 Destroy 1 | . . 1 Melee Attacks . | . . . Impact . | . . . Slashing . | . . . Piercing . | . . . Sneak Attacks . | . . . Combat Hostiles . | . . . Follow-up Attacks . | . . . Damage Inflicted 361 | . 52 309 Guns 361 | . 52 309 Cannons . | . . . Explosions . | . . . Melee . | . . . Ramming . | . . . Kinetic 148 | . 15 133 Thermal 213 | . 37 176 Explosive . | . . . Electromagnetic . | . . . Impact . | . . . Slashing . | . . . Piercing . | . . . Highest Corruption . | . . . Average Corruption . | . . . Corruption Purged . | . . . Corruption Blocked . | . . . Overload Shots . | . . . Overflow Damage . | . . . Projectiles . | . . . Explosions . | . . . Melee . | . . . Knockbacks . | . . . Impact . | . . . Kinetic . | . . . Secondary . | . . . Self-Inflicted Damage . | . . . Shots . | . . . Rammed . | . . . Targets Rammed . | . . . Kicked . | . . . Crushed . | . . . Highest Temperature 39 | . 39 . Average Temperature 18 | . 18 . Received Heat Transfer 201 | . 18 183 Siege Activations . | . . . Martial Activations . | . . . Shielding Activations . | . . . Robots Disrupted . | . . . Combat Hostiles . | . . . Robots Corrupted . | . . . Combat Hostiles . | . . . Parts Fried . | . . . Impact Corruptions . | . . . Robots Melted . | . . . Combat Hostiles . | . . . Parts Melted . | . . . Heat Transferred 777 | . 111 666 Parts Sabotaged . | . . . Parts Stolen . | . . . Parts Stripped . | . . . Power Chain Reactions . | . . . Alert | -11 -10 -10 ------- Run | Yrd Mat Sub Maximum Alert Level . | . . . Low Security (%) 100 | 100 100 . Level 1 . | . . . Level 2 . | . . . Level 3 . | . . . Level 4 . | . . . Level 5 . | . . . High Security . | . . . Max Security . | . . . Peak Influence 30 | . 30 . Initial . | . . . Average 2 | . 3 . Influence Increases 50 | . 50 . Destroy 0b10 Robot/C 20 | . 20 . Destroy Leader 10 | . 10 . Successful Hack 20 | . 20 . Influence Decreases 50 | . 50 . Time Decay 50 | . 50 . Squads Dispatched 1 | . 1 . Investigation . | . . . Extermination . | . . . Reinforcement 1 | . 1 . Assault . | . . . Garrison . | . . . Intercept . | . . . Searches Triggered . | . . . Construction Impeded . | . . . Haulers Reinforced . | . . . Active Scanning Responses . | . . . Cargo Convoy Interrupts . | . . . Stealth | -11 -10 -10 --------- Run | Yrd Mat Sub Distress Signals 1 | . 1 . Communications Jammed . | . . . Distress Signals . | . . . Times Spotted 8 | . 3 5 Peak Tracking Total 3 | . 3 3 Tactical Retreats 1 | . . 1 Traps | -11 -10 -10 ------- Run | Yrd Mat Sub Traps Triggered 2 | . 2 . Indirectly . | . . . Trap Hack Attempts . | . . . Triggered . | . . . Disarmed . | . . . Reprogrammed . | . . . Reused . | . . . Traps Extracted . | . . . Installed . | . . . Triggered . | . . . Machines | -11 -10 -10 ---------- Run | Yrd Mat Sub Machines Disabled . | . . . Max in Single Turn . | . . . Machines Repaired . | . . . Machines Dismantled . | . . . Machines Sabotaged . | . . . Overloaded Fab Kills . | . . . Hacking | -11 -10 -10 --------- Run | Yrd Mat Sub Machines Accessed 2 | . 2 . Terminals 2 | . 2 . Fabricators . | . . . Repair Stations . | . . . Recycling Units . | . . . Scanalyzers . | . . . Garrison Access . | . . . Total Hacks 4 | . 4 . Successful 3 | . 3 . Failed 1 | . 1 . Catastrophic 1 | . 1 . Database Lockouts . | . . . Manual 4 | . 4 . Terminals 4 | . 4 . Fabricators . | . . . Repair Stations . | . . . Recycling Units . | . . . Scanalyzers . | . . . Garrison Access . | . . . Terminal Hacks 1 | . 1 . Branch Access Points 1 | . 1 . Fabricator Hacks . | . . . Repair Station Hacks . | . . . Recycling Unit Hacks . | . . . Scanalyzer . | . . . Garrison Access Hacks . | . . . Unauthorized Hacks 2 | . 2 . Terminals 2 | . 2 . Botnet 2 | . 2 . Fabricators . | . . . Repair Stations . | . . . Recycling Units . | . . . Scanalyzers . | . . . Garrison Access . | . . . Data Cores Recovered . | . . . Used . | . . . Hacking Detections 2 | . 2 . Full Trace Events 1 | . 1 . Feedback Events . | . . . Feedback Blocked . | . . . Robot Schematics Acquired . | . . . Robots Built . | . . . Authchips . | . . . Time . | . . . Total Robot Build Rating . | . . . Part Schematics Acquired . | . . . Parts Built . | . . . Authchips . | . . . Time . | . . . Total Part Build Rating . | . . . Parts Repaired . | . . . Time . | . . . Parts Recycled . | . . . Recycled Matter . | . . . Retrieved Matter . | . . . Retrieved Components . | . . . Parts Scanalyzed . | . . . Part Schematics Acquired . | . . . Parts Damaged . | . . . Bothacking | -11 -10 -10 ------------ Run | Yrd Mat Sub Used RIF Installer . | . . . Robots Hacked . | . . . Non-combat . | . . . Combat . | . . . Robot Hacks Applied . | . . . Relay Couplers Released . | . . . Fabnet Peak Effective % . | . . . Robots Rewired . | . . . Allies Hacked . | . . . Hacks Repelled . | . . . Allies | -11 -10 -10 -------- Run | Yrd Mat Sub Total Allies . | . . . Largest Group . | . . . Highest-Rated Group . | . . . Highest-Rated Ally . | . . . Total Orders . | . . . Ally Attacks . | . . . Total Damage . | . . . Kills . | . . . Allies Corrupted . | . . . Allies Melted . | . . . Intel | -11 -10 -10 ------- Run | Yrd Mat Sub Active Infowar (turns) 163 | . 40 123 Seismic 163 | . 40 123 Robot Analysis Total . | . . . Derelict Logs Recovered 2 | . . 2 Drone Launches . | . . . Drone Recoveries . | . . . Exploration | -11 -10 -10 ------------- Run | Yrd Mat Sub Turns Passed 508 | 132 237 139 Spaces Moved 326 | 83 160 83 Core 23 | 23 . . Treads 158 | 57 100 1 Legs . | . . . Wheels 145 | 3 60 82 Hover . | . . . Flight . | . . . Fastest Speed 50 | 50 95 90 Average Speed 127 | 145 135 92 Slowest Speed 250 | 250 160 160 Overloaded Moves . | . . . Propulsion Burnouts . | . . . Robots Hopped . | . . . Potential Cave-ins . | . . . Cave-ins Triggered . | . . . Exploration Rate (%) 10 | 4 16 10 Regions Visited 2 Branch Regions 1 Pre-discovered Areas 1 | . . 1 Known Exits Taken . | . . . Unknown Exits Taken 2 | 1 1 . Scrap Searched . | . . . Spaces Dug . | . . . Terrain Destroyed . | . . . Melee . | . . . Projectile . | . . . AOE . | . . . Terrain Rammed . | . . . Walls Destroyed . | . . . Machines Disabled . | . . . Actions | -11 -10 -10 --------- Run | Yrd Mat Sub Total 372 | 92 169 111 Wait 7 | . . 7 Move 324 | 82 159 83 Hop . | . . . Pick Up 5 | 4 1 . Fast Attach 11 | 6 5 . Attach 2 | . . 2 Detach . | . . . Swap 1 | . . 1 Drop . | . . . Fire 22 | . 4 18 Melee . | . . . Ram . | . . . Kick . | . . . Crush . | . . . Escape Stasis . | . . . Rewire . | . . . Trap . | . . . Miscellaneous . | . . . Route ------- -11/Scrapyard -10/Materials (discovered 2 exits: Min / [*Sub]) -10/Subcaves (discovered 1 exit: Mat) History --------- Turn | Location | Event 13 | -11/Scrapyard | Discovered new exit (range 16) 133 | -11/Scrapyard | Entered Materials 227 | -10/Materials | Identified exit to Mines 311 | -10/Materials | Build established: Mutant 353 | -10/Materials | Discovered new exit (range 10) 370 | -10/Materials | Entered Subcaves 371 | -10/Subcaves | Approached by a straggling Scientist 386 | -10/Subcaves | Identified exit to Materials 400 | -10/Subcaves | Ambushed by Subdwellers from Twisted Machinery 486 | -10/Subcaves | Core integrity fell below 50% 496 | -10/Subcaves | Core integrity fell below 20% 509 | -10/Subcaves | Destroyed by IK-XYW(R) with Subdweller Beam Cannon Last Messages --------------- 00422_ AY-QUO(u) builds Twisted Machinery. 00447_ 2B-A9F(u) builds Twisted Machinery. 00469_ DW-6BX(R) destroyed. 00471_ 2B-A9F(u) builds Twisted Machinery. 00475_ Com. Wheel destroyed. 00475_ Ion Engine destroyed. 00477_ 2B-A9F(u) builds Twisted Machinery. 00481_ Wheel destroyed. 00482_ 2B-A9F(u) builds Twisted Machinery. 00484_ 3I-ZAV(R) suffers critical hit (Burn). 00486_ 2B-A9F(u) builds Twisted Machinery. 00492_ 3I-ZAV(R) destroyed. 00492_ Switching to secondary target: IK-XYW(R). 00493_ 2B-A9F(u) builds Twisted Machinery. 00493_ Seismic Detector destroyed. 00496_ 2B-A9F(u) builds Twisted Machinery. 00504_ IK-XYW(R) affixes Scrap Shield Fragment to Scrap Shield. 00509_ IK-XYW(R) suffers critical hit (Burn). 00509_ IK-XYW(R) suffers critical hit (Destroy). Map ----- +----------------------------------------------------+ | ????????????????????????????????????? #???? | | ???????????????????????????????????????# ##### | | ??????????????????????????????????????## ## # | | ??????????????????????????????????????# | | ???????????????????????????????????????# | | ???????????????????????????????????????# ### | | ???????????????????????????????????????# #?## | | ???????????????????????????????????????# ### | | ???????????????????????????????????????# =% | | ???????????????????????????????????????# = | | ???????????????????????????????????????## ### | | ????????????????????????????????????????# ##?? | | ????????????????????????????????????????## ##?? | | ???????????????????????????????????????### #?? | | ???????????????????????????????????????# #?? | | ???????????????????????????????????????## #?? | | ????????????????????????????????????????# #?? | | ????????????????????????????????????????## ##?? | | ?????????????????????????????????????????## #?? | | ??????????????????????????????????????????## #?? | | ??????????????????????????????????????????## ## | | ????????????????????#????????????????????## | | ?????????????????????"#####?????########## | | ??????????????????????""""*????## # ## | | ???????????????????